 Dungeon Crawl Stone Soup version 0.21-a0-94-gdd6ab6a (webtiles) character file.

206 zhorgal the Vexing (level 5, -2/35 HPs)
             Began as a Vampire Enchanter on July 1, 2017.
             Slain by a gnoll
             ... wielding a +0 spear
              (9 damage)
             ... on level 3 of the Dungeon.
             The game lasted 00:21:10 (5074 turns).

zhorgal the Vexing (Vampire Enchanter)              Turns: 5074, Time: 00:21:11

Health: -2/35      AC:  2    Str:  7    XL:     5   Next: 53%
Magic:  17/17      EV: 13    Int: 18    God:
Gold:   102        SH:  0    Dex: 15    Spells: 2/8 levels left

rFire    . . .     SeeInvis +   a - +1 dagger
rCold    . . .     Gourm    .   (no shield)
rNeg     + . .     Faith    .   b - +0 robe
rPois    .         Spirit   .   (no helmet)
rElec    .         Reflect  .   (no cloak)
rCorr    .         Harm     .   (no gloves)
MR       .....                  (no boots)
Stlth    +++.......             (no amulet)
HPRegen  0.11/turn              i - ring of wizardry
MPRegen  0.15/turn              v - ring of magical power

@: no status effects
A: fangs 3, see invisible, unbreathing
a: Bat Form


You were on level 3 of the Dungeon.
You were not thirsty.

You visited 1 branch of the dungeon, and saw 4 of its levels.

You collected 102 gold pieces.

Inventory:

Hand Weapons
 a - a +1 dagger (weapon)
 s - a +0 rapier
Armour
 b - a +0 robe (worn)
Jewellery
 i - a ring of wizardry (left hand)
 v - a ring of magical power (right hand)
Wands
 m - a wand of random effects (28/48)
Scrolls
 f - 3 scrolls of identify {unknown}
 g - 2 scrolls of enchant weapon {unknown}
 h - 3 scrolls of teleportation {unknown}
 k - a scroll of enchant armour {unknown}
 o - a scroll of fear {unknown}
 p - 3 scrolls of noise {unknown}
 q - 2 scrolls of fog {unknown}
 r - a scroll of random uselessness {unknown}
 u - a scroll of magic mapping {unknown}
Potions
 d - 13 potions of blood
 e - 2 potions of flight {unknown}
 j - 3 potions of heal wounds {unknown}
 l - 3 potions of haste {unknown}
 n - 3 potions of curing {unknown}
 t - a potion of berserk rage {unknown}
Books
 c - a book of Maledictions

   Spells                             Type                      Level
   a - Corona                         Hexes                        1
   b - Ensorcelled Hibernation        Hexes/Ice                    2
   c - Confuse                        Hexes                        3
   d - Tukima's Dance                 Hexes                        3
   e - Dazzling Spray                 Conjuration/Hexes            3
 w - a book of Callings

   Spells                             Type                      Level
   a - Summon Small Mammal            Summoning                    1
   b - Call Imp                       Summoning                    2
   c - Call Canine Familiar           Summoning                    3
   d - Summon Guardian Golem          Hexes/Summoning              3
   e - Summon Lightning Spire         Summoning/Air                4
   f - Summon Ice Beast               Ice/Summoning                4


   Skills:
 + Level 4.9 Short Blades
 - Level 2.1 Dodging
 - Level 4.4 Stealth
 - Level 2.0 Spellcasting
 + Level 6.4 Hexes


You had 2 spell levels left.
You knew the following spells:

 Your Spells              Type           Power        Failure   Level  Hunger
a - Corona                Hex            ###....      1%          1    #......
b - Ensorcelled Hibernat  Hex/Ice        ##....       3%          2    ###....
c - Confuse               Hex            ###.....     1%          3    ###....


Dungeon Overview and Level Annotations

Branches:
Dungeon (4/15)
 Temple: D:4-7

Altars:
Gozag
Uskayaw

Shops:
D:2 *

Annotations:
D:3 Sigmund


Innate Abilities, Weirdness & Mutations

You have razor-sharp teeth.
You have supernaturally acute eyesight. (SInv)
You can survive without breathing.


Message History

The gnoll shaman hits you with a whip. The orc barely misses you.
The gnoll closely misses you.
There is a stone staircase leading up, spattered with blood here.
You take 12 damage, and have 23/35 hp.
MASSIVE DAMAGE!!
The gnoll hits you. The orc barely misses you. The gnoll closely misses you.
The gnoll shaman calls down the wrath of its god upon you.
You resist with some effort.
The gnoll hits you from afar with a halberd.
You climb upwards.
Level annotation: Sigmund
There is a stone staircase leading down here.
You can't go up here!
You take 4 damage, and have 19/35 hp.
The gnoll shaman hits you with a whip. The orc closely misses you.
The gnoll hits you with a spear.
* * * LOW HITPOINT WARNING * * *
You take 9 damage, and have 10/35 hp.
MASSIVE DAMAGE!!
The gnoll shaman hits you with a whip.
* * * LOW HITPOINT WARNING * * *
The gnoll hits you from afar with a spear!
You die...

#..........................#
###.#.....##..........######
#.#.....###.........#
#.#.##### #.........# #
#.#.#######....#+#+#######
#.#.......'....+.........#
#.#####.###....#.##.รท....#
#)# ###'#####....##......#
#.# #..go@..'............#
#.# #..gg####....##......#
#.# #....# #....##......#
#.# #....# #.....#......#
#.# #....# #.....#.......
#.# #....# #.....#.......
#.# ###'## ###...#.......
#.# ###'### ...# #.# #.)...#


You could see a gnoll shaman, 2 gnolls and an orc.

Vanquished Creatures
  2 orc wizards (D:3)
  Terence (D:2)
  4 adders
  A gnoll (D:2)
  2 worms (D:2)
  2 dart slugs
  A leopard gecko (D:1)
  6 orcs (D:3)
  9 bats
  6 giant cockroaches
  8 goblins
  4 hobgoblins
  6 kobolds
  3 quokkas
  4 frilled lizards
  11 rats
70 creatures vanquished.

Notes
Turn   | Place    | Note
-------+----------+-------------------------------------------
     0 | D:1      | zhorgal the Vampire Enchanter began the quest for the Orb.
     0 | D:1      | Reached XP level 1. HP: 13/13 MP: 3/3
   588 | D:1      | Reached XP level 2. HP: 15/19 MP: 5/5
  1352 | D:1      | Learned a level 2 spell: Ensorcelled Hibernation
  1376 | D:2      | Noticed Terence
  1383 | D:2      | Killed Terence
  1383 | D:2      | Reached XP level 3. HP: 24/24 MP: 6/6
  1519 | D:2      | Found a faded altar of an unknown god.
  1597 | D:2      | Reached skill level 5 in Hexes
  1835 | D:2      | Found an opulent altar of Gozag.
  1835 | D:2      | Found Gozag's Platinum Reserve.
  1849 | D:2      | Reached XP level 4. HP: 30/30 MP: 7/7
  3823 | D:3      | Found a hide-covered altar of Uskayaw.
  3953 | D:3      | Learned a level 3 spell: Confuse
  4208 | D:3      | Reached skill level 6 in Hexes
  4208 | D:3      | Reached XP level 5. HP: 35/35 MP: 8/8
  4397 | D:3      | Noticed Sigmund
  5074 | D:3      | Slain by a gnoll

Vault maps used:
D:1:      dpeg_arrival_arbitrary_b
D:2:      nicolae_gozag_zags_fifth_avenue, chequers_ecumenical_altar_island,
          first_bread, uniq_terence
D:3:      nicolae_overflow_hidden_temple, eat_drink_and_be_merry_uskayaw,
          uniq_sigmund
D:4:      nicolae_overflow_crystal_walls, minmay_temple_entry_large_hall,
          portal_sewer_entry_f

Skill      XL: |  1  2  3  4 |
---------------+-------------+-----
Short Blades   | 2 3 4 |  4.9
Hexes          | 5 6 |  6.4
Dodging        | |  2.1
Stealth        | |  4.4
Spellcasting   | |  2.0

Action                   |  1- 3 |  4- 6 || total
-------------------------+-------+-------++-------
Melee: Dagger            |   122 |   162 ||   284
       Bite              |    12 |    14 ||    26
       Unarmed           |       |    23 ||    23
 Cast: Corona            |     5 |     5 ||    10
       Ensorcelled Hiber |       |    11 ||    11
       Confuse           |       |    14 ||    14
 Abil: End Transformatio |       |     3 ||     3
       Bat Form          |       |     3 ||     3
  Use: Potion            |     2 |    11 ||    13
 Stab: Sleeping          |     7 |     8 ||    15
       Confused          |       |     5 ||     5
Armor: Robe              |    36 |    22 ||    58
Dodge: Dodged            |   101 |   128 ||   229
